 Dungeon Crawl Stone Soup version 0.27-a0-909-g0721f309d1 (webtiles) character file.

Game seed: 4371130972781884976

15 EnegeticOcto the Magician (level 2, 18/21 HPs)
             Began as a Djinni Earth Elementalist on Apr 8, 2021.
             Was a Believer of Lugonu.
             Quit the game on level 3 of the Dungeon.
             The game lasted 00:01:38 (309 turns).

EnegeticOcto the Magician (DjEE)                     Turns: 309, Time: 00:01:39

Health: 18/21      AC:  3    Str:  7    XL:     2   Next: 50%
Gold:   50         EV: 12    Int: 16    God:    Lugonu [**....] SH:  0 Dex: 13

rFire    + + .     SeeInvis .   (no weapon)
rCold    x . .     Faith    .   (no shield)
rNeg     . . .     Spirit   .   c - +1 robe
rPois    ∞         Reflect  .   (no helmet)
rElec    .         Harm     .   (no cloak)
rCorr    .         Rampage  .   (no gloves)
Will     .....                  (boots unavailable)
Stlth    ++........             (no amulet)
HPRegen  0.07/turn              (no ring)
MPRegen  0.00/turn              (no ring)

@: mighty, flying
A: fire resistance 2, cold vulnerability 1, float, innate caster, hp casting,
extra vitality 1
a: Renounce Religion, Depart the Abyss, Bend Space


You were on level 3 of the Dungeon.
You worshipped Lugonu.
Lugonu was pleased with you.
You visited 1 branch of the dungeon, and saw 3 of its levels.

You collected 50 gold pieces.

Inventory:

Hand Weapons
 a - a +0 quarterstaff
   (You found it on level 1 of the Dungeon)
 d - a +1 broad axe
   (You found it on level 1 of the Dungeon)
Missiles
 b - 34 stones
Armour
 c - a +1 robe (worn)


   Skills:
 - Level 2.1 Dodging
 - Level 1.5 Stealth
 + Level 3.3 Spellcasting


You couldn't memorise any spells.
You knew the following spells:

 Your Spells              Type           Power      Damage    Failure   Level
a - Sandblast             Erth           26%        2d8       4%          1
b - Stone Arrow           Conj/Erth      26%        3d8       14%         3
c - Petrify               Tmut/Erth      13%        N/A       41%         4
d - Lee's Rapid Deconstr  Erth           6%         3d7*      77%         5
p - Passwall              Tmut/Erth      10%        N/A       7%          2
Your spell library was empty.

Dungeon Overview and Level Annotations

Branches:
Dungeon (3/15)

Altars:
Lugonu


Innate Abilities, Weirdness & Mutations

You are immune to poison.
Your flesh is very heat resistant. (rF++)
You are vulnerable to cold. (rC-)
You float through the air rather than walking.
You learn spells naturally, not from books.
Your magical power is your life essence.
You have superior vitality. (+4 HP)


Message History

There is a stone staircase leading up here.
You reach down and open the door.
There is an open door here.
You reach down and open the door.
Found a scroll labelled WEMOICS QEINIA and 13 poisoned darts.
There is an open door here.
Found 11 gold pieces.
Found a stone staircase leading up.
e - a scroll labelled WEMOICS QEINIA
There is a stone staircase leading up here.
A rat comes into view.
You see here 11 gold pieces.
You see here 11 gold pieces.
You now have 45 gold pieces (gained 11).
There is a stone staircase leading up here.
You fly upwards.
There is a stone staircase leading down here.
A rat comes into view.
The rat twitches its whiskers.
Casting: Sandblast (safe; 4% risk of failure)
Confirm with . or Enter, or press ? or * to list all spells.
Aiming: Sandblast (safe; 4% risk of failure)
Press: ? - help, Shift-Dir - straight line, f - rat
Aim: a rat (21% to evade)
The blast of sand hits the rat.
You kill the rat!
(D) Dungeon
Where to? (Enter - D:3, ? - help)
There is a stone staircase leading down here.
You fly downwards.
There is a stone staircase leading up here.
Found a scroll labelled IXONOO SE NAZ.
f - a scroll labelled IXONOO SE NAZ Unknown command.
You reach down and open the door.
There is an open door here.
You reach down and open the door.
An endoplasm comes into view.
The endoplasm quivers.
Found 5 gold pieces.
There is an open door here.
Casting: Sandblast (safe; 4% risk of failure)
Confirm with . or Enter, or press ? or * to list all spells.
Aiming: Sandblast (safe; 4% risk of failure)
Press: ? - help, Shift-Dir - straight line, f - endoplasm
Aim: an endoplasm (2% to evade)
The blast of sand hits the endoplasm.
You kill the endoplasm!
You now have 50 gold pieces (gained 5).
You reach down and open the door.
There is an open door here.
You reach down and open the door.
Found a hand axe.
A hobgoblin comes into view.
The hobgoblin shouts!
Found a red potion.
There is an open door here.
Casting: Sandblast (safe; 4% risk of failure)
Confirm with . or Enter, or press ? or * to list all spells.
Aiming: Sandblast (safe; 4% risk of failure)
Press: ? - help, Shift-Dir - straight line, f - hobgoblin
Aim: a hobgoblin (21% to evade)
The blast of sand hits the hobgoblin!
You kill the hobgoblin!
You see here a hobgoblin corpse.
Found a scroll labelled RAEFUS GESCHO.
g - a red potion You reach down and open the door.
Found a stone staircase leading down.
There is an open door here.
A bat comes into view.
The bat hits you but does no damage.
Casting: Sandblast (safe; 4% risk of failure)
Confirm with . or Enter, or press ? or * to list all spells.
Aiming: Sandblast (safe; 4% risk of failure)
Press: ? - help, Shift-Dir - straight line, f - bat
Aim: a bat (31% to evade)
The blast of sand hits the bat!
You kill the bat!
h - a scroll labelled RAEFUS GESCHO You see here a bat corpse.
Found a faded altar of an unknown god.
There is a faded altar of an unknown god here.
You cannot tell which god this altar belongs to.
Convert to them anyway?
Lugonu accepts your prayer! Lugonu welcomes you!
You can now depart the Abyss.
You can now bend space around yourself.
Okay, then.
It was a potion of might.
You feel very mighty all of a sudden.
You aren't carrying any potions.
Unknown command.
As you read the scroll labelled WEMOICS QEINIA, it crumbles to dust.
It is a scroll of enchant armour.
Your +0 robe glows green for a moment.
As you read the scroll labelled IXONOO SE NAZ, it crumbles to dust.
The scroll dissolves into smoke.
It was a scroll of fog.
As you read the scroll labelled RAEFUS GESCHO, it crumbles to dust.
It is a scroll of enchant weapon.
Your +0 broad axe glows red for a moment.
Are you sure you want to abandon this character and quit the game? (Confirm with "yes".)

####+### #......#
###+## ####......#
#....## #.........#
#....#.
####.#.......#
#....#.
#..§§.§§.....#
#....'.
..♣§♣§...†..#####'##.
♣.♣@♣.......#.....#.
♣§♣§.......#.....#.
♣§♣.♣..####.#.....#.
..♣.♣...# #....†..#.
#........# ##......##
#####....# #).....#
###### ##.....#
#.....# #..#'##


There were no monsters in sight!

Vanquished Creatures
  A ball python (D:2)
  A bat (D:3)
  4 endoplasms
  A goblin (D:1)
  A hobgoblin (D:3)
  A quokka (D:1)
  4 rats
13 creatures vanquished.

Notes
Turn   | Place    | Note
-------+----------+-------------------------------------------
     0 | D:1      | EnegeticOcto the Djinni Earth Elementalist began the quest
                  | for the Orb.
     0 | D:1      | Reached XP level 1. HP: 15/15 MP: 0/0
   147 | D:1      | Reached skill level 3 in Spellcasting
   149 | D:1      | Reached XP level 2. HP: 16/21 MP: 0/0
   300 | D:3      | Found a faded altar of an unknown god.
   303 | D:3      | Became a worshipper of Lugonu the Unformed
   303 | D:3      | Reached * piety under Lugonu
   303 | D:3      | Reached ** piety under Lugonu
   309 | D:3      | Quit the game

Illustrated notes

Levels and vault maps discovered:
D:1:      psy_arrival_basics, layout_basic
D:2:      layout_basic, bh_walls_and_bars
D:3:      layout_basic, chequers_ecumenical_altar_simple_redux

Skill      XL: |  1 |
---------------+----+-----
Spellcasting   | 3 |  3.3
Dodging        | |  2.1
Stealth        | |  1.5

Action                   || total
-------------------------++-------
 Cast: Sandblast         ||    16
  Use: Scroll            ||     3
       Potion            ||     1
Armor: Robe              ||     3
Dodge: Dodged            ||     2

Table legend: (Time is in decaauts)
 A = Elapsed time spent in this place.
 B = Non-inter-level travel time spent in this place.
 C = Inter-level travel time spent in this place.
 D = Time resting spent in this place.
 E = Time spent auto-exploring this place.
 F = Levels seen in this place.
 G = Mean time per level.
                   A        B        C        D        E       F      G
               +--------+--------+--------+--------+--------+-----+--------+
         Total |    309 |    295 |     14 |      0 |      0 |   3 |  103.0 |
       Dungeon |    309 |    295 |     14 |      0 |      0 |   3 |  103.0 |
               +--------+--------+--------+--------+--------+-----+--------+

Top non-repeatable levels by time:
     D:1: 152 daAuts
     D:3: 102 daAuts
     D:2: 55 daAuts
